PIO
WASHINGTON (RK+) NATIONALS @ GRAND JUNCTION ROCKIES
08/29/2099
 
TOP OF THE 1ST
Washington (Rk+) Nationals batting - Pitching for Grand Junction Rockies : RHP Bobby Filipkowski
Pitching: RHP Bobby Filipkowski
Batting: LHB German Rodriguez 0-0: Called Strike
0-1: Foul Ball, location: 7LSF
0-2: SINGLE (Line Drive, 89M, EV 107.5 MPH)
Batting: RHB Kenny Moyer 0-0: Ball
1-0: Called Strike
1-1: Foul Ball, location: 9LSF
1-2: Strikes out looking
Batting: RHB Josh Alfaro 0-0: Called Strike
0-1: Ball
1-1: Foul Ball, location: 9LDF
1-2: DOUBLE (Line Drive, 7LM, EV 104.4 MPH)
German Rodriguez to third
Runner from 3rd tries for Home, SAFE, no throw by LF
Batting: LHB Corey Daffron 0-0: Ball
1-0: Foul Ball, location: 5FF
1-1: DOUBLE (Groundball, 5L, EV 103.1 MPH)
Josh Alfaro scores
Batting: LHB Jeremy Paula 0-0: Ball
1-0: Ball
2-0: Called Strike
2-1: Called Strike
2-2: SINGLE (Line Drive, 9S, EV 100.0 MPH)
Corey Daffron to third
Batting: SHB Ross Mitchel 0-0: Ball
1-0: Called Strike
1-1: Foul Ball, location: 7LDF
1-2: Ball
2-2: Ball
3-2: SINGLE (Line Drive, 34, EV 98.8 MPH)
Corey Daffron scores
Jeremy Paula to second
Runner from 2nd tries for 3rd, SAFE, no throw by RF
Batting: RHB Gus Novelo 0-0: Ball
1-0: Ball
2-0: Fielders Choice at 2nd, 4-6 (Groundball, 34, EV 85.6 MPH)
Jeremy Paula scores
Batting: RHB Jim Miller 0-0: Fielders Choice at 2nd, 6-4 (Groundball, 6, EV 105.0 MPH)
Top of the 1st over - 4 runs, 5 hits, 0 errors, 1 left on base; Washington (Rk+) 4 - Grand Junction 0
BOTTOM OF THE 1ST
Grand Junction Rockies batting - Pitching for Washington (Rk+) Nationals : RHP Toby Albano
Pitching: RHP Toby Albano
Batting: RHB Keith McFadden 0-0: Ball
1-0: Fly out, F8 (Line Drive, 78D, EV 85.6 MPH)
Batting: RHB Jim Strickland 0-0: Called Strike
0-1: SINGLE (Groundball, 4MD, EV 104.4 MPH)
Batting: LHB Tyrell Maclin 0-0: Ball
1-0: Called Strike
1-1: Swinging Strike
1-2: Ball
2-2: Ball
3-2: Base on Balls
Jim Strickland to second
Batting: RHB Mike Frazier 0-0: Swinging Strike
0-1: Ball
1-1: Ball
2-1: Foul Ball, location: 9LMF
2-2: Ball
3-2: Base on Balls
Jim Strickland to third
Tyrell Maclin to second
Batting: LHB Danny Lopez 0-0: Ball
1-0: Ball
2-0: Ball
3-0: Swinging Strike
3-1: Base on Balls
Jim Strickland scores
Tyrell Maclin to third
Mike Frazier to second
Batting: LHB Enrique Castillo 0-0: DOUBLE (Line Drive, 3D, EV 106.3 MPH)
Tyrell Maclin scores
Mike Frazier scores
Danny Lopez to third
Runner from 3rd tries for Home, SAFE, no throw by RF
Batting: LHB Dustin Swafford 0-0: Ball
1-0: Ball
2-0: Fly out, F8 (Flyball, 8LD, EV 93.8 MPH)
Batting: RHB Tony Puac 0-0: Foul Ball, location: 2F
0-1: Swinging Strike
0-2: Ball
1-2: Strikes out swinging
Bottom of the 1st over - 4 runs, 2 hits, 0 errors, 1 left on base; Washington (Rk+) 4 - Grand Junction 4
TOP OF THE 2ND
Washington (Rk+) Nationals batting - Pitching for Grand Junction Rockies : RHP Bobby Filipkowski
Batting: RHB Bob Ojeda 0-0: Fly out, F8 (Flyball, 8RM, EV 90.6 MPH)
Batting: LHB German Rodriguez 0-0: Called Strike
0-1: Swinging Strike
0-2: Ball
1-2: Strikes out looking
Batting: RHB Kenny Moyer 0-0: Called Strike
0-1: Hit by Pitch
Batting: RHB Josh Alfaro 0-0: Fly out, F7 (Flyball, 7D, EV 102.5 MPH)
Top of the 2nd over - 0 runs, 0 hits, 0 errors, 1 left on base; Washington (Rk+) 4 - Grand Junction 4
BOTTOM OF THE 2ND
Grand Junction Rockies batting - Pitching for Washington (Rk+) Nationals : RHP Toby Albano
Batting: RHB Jim Unknown 0-0: Ball
1-0: Foul Ball, location: 2F
1-1: Swinging Strike
1-2: Strikes out swinging
Batting: RHB Keith McFadden 0-0: Ball
1-0: Swinging Strike
1-1: Ground out U3 (Groundball, 34, EV 86.3 MPH)
Batting: RHB Jim Strickland 0-0: Called Strike
0-1: Ball
1-1: Ball
2-1: Ball
3-1: Swinging Strike
3-2: Foul Ball, location: 2F
3-2: Strikes out swinging
Bottom of the 2nd over - 0 runs, 0 hits, 0 errors, 0 left on base; Washington (Rk+) 4 - Grand Junction 4
TOP OF THE 3RD
Washington (Rk+) Nationals batting - Pitching for Grand Junction Rockies : RHP Bobby Filipkowski
Batting: LHB Corey Daffron 0-0: Ball
1-0: Ball
2-0: Ground out 4-3 (Groundball, 34, EV 104.4 MPH)
Batting: LHB Jeremy Paula 0-0: Ball
1-0: Ball
2-0: Called Strike
2-1: Fly out, F9 (Flyball, 9D, EV 80.6 MPH)
Batting: SHB Ross Mitchel 0-0: DOUBLE (Flyball, 78D, EV 101.9 MPH)
Batting: RHB Gus Novelo 0-0: Fly out, F7 (Line Drive, 7S, EV 88.8 MPH)
Top of the 3rd over - 0 runs, 1 hit, 0 errors, 1 left on base; Washington (Rk+) 4 - Grand Junction 4
BOTTOM OF THE 3RD
Grand Junction Rockies batting - Pitching for Washington (Rk+) Nationals : RHP Toby Albano
Batting: LHB Tyrell Maclin 0-0: Ball
1-0: Called Strike
1-1: Foul Ball, location: 25FF
1-2: Ball
2-2: Foul Ball, location: 5DF
2-2: Ball
3-2: Base on Balls
Batting: RHB Mike Frazier 0-0: Swinging Strike
0-1: Ball
1-1: Called Strike
1-2: Ball
2-2: Strikes out looking
Batting: LHB Danny Lopez 0-0: Ball
1-0: Ball
2-0: Called Strike
2-1: Swinging Strike
2-2: Fielders Choice at 2nd, 4-6 (Groundball, 4, EV 85.6 MPH)
Batting: LHB Enrique Castillo 0-0: Swinging Strike
0-1: Ground out U3 (Groundball, 34S, EV 90.0 MPH)
Bottom of the 3rd over - 0 runs, 0 hits, 0 errors, 1 left on base; Washington (Rk+) 4 - Grand Junction 4
TOP OF THE 4TH
Washington (Rk+) Nationals batting - Pitching for Grand Junction Rockies : RHP Bobby Filipkowski
Batting: RHB Jim Miller 0-0: Fly out, F3 (Popup, 3SF, EV 82.5 MPH)
Batting: RHB Bob Ojeda 0-0: Swinging Strike
0-1: Foul Ball, location: 9LSF
0-2: Foul Ball, location: 9LMF
0-2: Foul Ball, location: 7LMF
0-2: Strikes out swinging
Batting: LHB German Rodriguez 0-0: Ball
1-0: Ground out U3 (Groundball, 3, EV 88.8 MPH)
Top of the 4th over - 0 runs, 0 hits, 0 errors, 0 left on base; Washington (Rk+) 4 - Grand Junction 4
BOTTOM OF THE 4TH
Grand Junction Rockies batting - Pitching for Washington (Rk+) Nationals : RHP Toby Albano
Batting: LHB Dustin Swafford 0-0: Ground out U3 (Groundball, 3L, EV 94.4 MPH)
Batting: RHB Tony Puac 0-0: Called Strike
0-1: Foul Ball, location: 9LMFF
0-2: Ball
1-2: Ball
2-2: Ball
3-2: SINGLE (Groundball, 4MD, EV 95.0 MPH)
Batting: RHB Jim Unknown 0-0: Ball
1-0: Ball
2-0: Ball
3-0: Swinging Strike
3-1: Grounds into double play, 4-6-3 (Groundball, 4, EV 99.4 MPH)
Bottom of the 4th over - 0 runs, 1 hit, 0 errors, 0 left on base; Washington (Rk+) 4 - Grand Junction 4
TOP OF THE 5TH
Washington (Rk+) Nationals batting - Pitching for Grand Junction Rockies : RHP Bobby Filipkowski
Batting: RHB Kenny Moyer 0-0: Ball
1-0: Swinging Strike
1-1: Ball
2-1: Swinging Strike
2-2: Ball
3-2: Foul Ball, location: 2F
3-2: Foul Ball, location: 23F
3-2: Base on Balls
Batting: RHB Josh Alfaro 0-0: Ground out 3-1 (Groundball, 34S, EV 76.3 MPH)
Kenny Moyer to second
Batting: LHB Corey Daffron 0-0: Ball
1-0: Foul Ball, location: 5F
1-1: Foul Ball, location: 3F
1-2: Foul Ball, location: 9LSF
1-2: Ground out U3 (Groundball, 3, EV 110.0 MPH)
Kenny Moyer to third
Batting: LHB Jeremy Paula 0-0: Ball
1-0: Foul Ball, location: 2F
1-1: Ball
2-1: Ball
3-1: Called Strike
3-2: Base on Balls
Pitching: RHP Maurício Loureno
Batting: SHB Ross Mitchel 0-0: Ball
1-0: Ball
2-0: Ball
3-0: Base on Balls
Jeremy Paula to second
Pinch Hitting: LHB Manny Marin 0-0: Ball
1-0: Ball
2-0: Fly out, F7 (Flyball, 7, EV 93.1 MPH)
Top of the 5th over - 0 runs, 0 hits, 0 errors, 3 left on base; Washington (Rk+) 4 - Grand Junction 4
BOTTOM OF THE 5TH
Grand Junction Rockies batting - Pitching for Washington (Rk+) Nationals : RHP Toby Albano
Now in LF: Victor Cardenas
Batting: RHB Keith McFadden 0-0: Called Strike
0-1: Ball
1-1: Swinging Strike
1-2: Foul Ball, location: 9LMF
1-2: TRIPLE (Line Drive, 89XD, EV 110.0 MPH)
Pitching: RHP Trevor Stokes
Batting: RHB Jim Strickland 0-0: Swinging Strike
0-1: Foul Ball, location: 2F
0-2: Strikes out looking
Batting: LHB Tyrell Maclin 0-0: Swinging Strike
0-1: DOUBLE (Line Drive, 89D, EV 108.1 MPH)
Keith McFadden scores
Batting: RHB Mike Frazier 0-0: Ball
1-0: Ball
2-0: Called Strike
2-1: DOUBLE (Line Drive, 78M, EV 107.5 MPH)
Tyrell Maclin scores
Batting: LHB Danny Lopez 0-0: Called Strike
0-1: Foul Ball, location: 23FF
0-2: Ball
1-2: Foul Ball, location: 2F
1-2: Ball
2-2: Ground out 4-3 (Groundball, 4, EV 76.9 MPH)
Mike Frazier to third
Batting: LHB Enrique Castillo 0-0: Called Strike
0-1: Called Strike
0-2: Ball
1-2: Strikes out swinging
Bottom of the 5th over - 2 runs, 3 hits, 0 errors, 1 left on base; Washington (Rk+) 4 - Grand Junction 6
TOP OF THE 6TH
Washington (Rk+) Nationals batting - Pitching for Grand Junction Rockies : RHP Maurício Loureno
Pinch Hitting: RHB Gil Ortega 0-0: Foul Ball, location: 23FF
0-1: Foul Ball, location: 2LF
0-2: Strikes out looking
Batting: RHB Bob Ojeda 0-0: Ball
1-0: Fly out, F8 (Flyball, 8LD, EV 105.6 MPH)
Batting: LHB German Rodriguez 0-0: Ball
1-0: Swinging Strike
1-1: Swinging Strike
1-2: Strikes out swinging
Top of the 6th over - 0 runs, 0 hits, 0 errors, 0 left on base; Washington (Rk+) 4 - Grand Junction 6
BOTTOM OF THE 6TH
Grand Junction Rockies batting - Pitching for Washington (Rk+) Nationals : RHP Trevor Stokes
Now at 1B: Gil Ortega
Batting: LHB Dustin Swafford 0-0: Foul Ball, location: 9LSFF
0-1: Hit by Pitch
Batting: RHB Tony Puac 0-0: Grounds into double play, 6-4-3 (Groundball, 56, EV 81.9 MPH)
Batting: RHB Jim Unknown 0-0: Foul Ball, location: 5SF
0-1: Ball
1-1: Foul Ball, location: 9LDF
1-2: Foul Ball, location: 2F
1-2: Ball
2-2: Ball
3-2: Ground out 4-3 (Groundball, 4, EV 67.5 MPH)
Bottom of the 6th over - 0 runs, 0 hits, 0 errors, 0 left on base; Washington (Rk+) 4 - Grand Junction 6
TOP OF THE 7TH
Washington (Rk+) Nationals batting - Pitching for Grand Junction Rockies : RHP Maurício Loureno
Batting: RHB Kenny Moyer 0-0: Swinging Strike
0-1: Ball
1-1: Foul Ball, location: 7LMF
1-2: Strikes out swinging
Batting: RHB Josh Alfaro 0-0: Foul Ball, location: 2F
0-1: Ball
1-1: Ball
2-1: Ball
3-1: SOLO HOME RUN (Flyball, 78XD, EV 104.4 MPH), Distance : 423 ft
Batting: LHB Corey Daffron 0-0: Ball
1-0: Foul Ball, location: 3FF
1-1: Swinging Strike
1-2: Ball
2-2: Foul Ball, location: 2F
2-2: Foul Ball, location: 3F
2-2: Foul Ball, location: 7LMF
2-2: Strikes out swinging
Batting: LHB Jeremy Paula 0-0: Called Strike
0-1: Ball
1-1: Fly out, F7 (Line Drive, 7, EV 101.9 MPH)
Top of the 7th over - 1 run, 1 hit, 0 errors, 0 left on base; Washington (Rk+) 5 - Grand Junction 6
BOTTOM OF THE 7TH
Grand Junction Rockies batting - Pitching for Washington (Rk+) Nationals : RHP Trevor Stokes
Pitching: RHP Mario Ramirez
Batting: RHB Keith McFadden 0-0: Swinging Strike
0-1: Ball
1-1: Ball
2-1: Swinging Strike
2-2: SINGLE (Line Drive, 8RS, EV 88.8 MPH)
Batting: RHB Jim Strickland 0-0: Foul Ball, location: 9LSF
0-1: Called Strike
0-2: Ball
1-2: Foul Ball, location: 3SF
1-2: Ball
2-2: Strikes out swinging
Batting: LHB Tyrell Maclin 0-0: Foul Ball, location: 3FF
0-1: Called Strike
0-2: Ball
1-2: Foul Ball, location: 5DF
1-2: Strikes out swinging
Batting: RHB Mike Frazier 0-0: Ball
Wild Pitch!
Keith McFadden to second
1-0: Ground out 6-3 (Groundball, 56, EV 81.3 MPH)
Bottom of the 7th over - 0 runs, 1 hit, 0 errors, 1 left on base; Washington (Rk+) 5 - Grand Junction 6
TOP OF THE 8TH
Washington (Rk+) Nationals batting - Pitching for Grand Junction Rockies : RHP Maurício Loureno
Pitching: RHP Josh Hatmaker
Batting: SHB Ross Mitchel 0-0: Ball
1-0: Called Strike
1-1: Ball
2-1: SINGLE (Flyball, 34D, EV 91.3 MPH)
Batting: LHB Victor Cardenas 0-0: Ball
1-0: Swinging Strike
1-1: Ball
2-1: Foul Ball, location: 5F
2-2: Foul Ball, location: 2F
2-2: Ball
3-2: Base on Balls
Ross Mitchel to second
Pinch Hitting: RHB Jose Mora 0-0: Grounds into double play, 6-4-3 (Groundball, 6, EV 83.8 MPH)
Ross Mitchel to third
Pinch Hitting: RHB Jeremiah Bell 0-0: Ball
1-0: Ball
2-0: Called Strike
2-1: Ground out U3 (Groundball, 23, EV 84.4 MPH)
Top of the 8th over - 0 runs, 1 hit, 0 errors, 1 left on base; Washington (Rk+) 5 - Grand Junction 6
BOTTOM OF THE 8TH
Grand Junction Rockies batting - Pitching for Washington (Rk+) Nationals : RHP Mario Ramirez
Now at C: Jeremiah Bell
Now at 1B: Jose Mora
Batting: LHB Danny Lopez 0-0: Ball
1-0: Ball
2-0: Foul Ball, location: 7LMF
2-1: Foul Ball, location: 5F
2-2: Foul Ball, location: 2F
2-2: Strikes out swinging
Batting: LHB Enrique Castillo 0-0: Ball
1-0: Foul Ball, location: 7LDF
1-1: SINGLE (Line Drive, 8LS, EV 106.3 MPH)
Batting: LHB Dustin Swafford 0-0: Grounds into double play, 4-6-3 (Groundball, 4, EV 86.9 MPH)
Bottom of the 8th over - 0 runs, 1 hit, 0 errors, 0 left on base; Washington (Rk+) 5 - Grand Junction 6
TOP OF THE 9TH
Washington (Rk+) Nationals batting - Pitching for Grand Junction Rockies : RHP Josh Hatmaker
Pitching: RHP Guillermo Flores
Now at 1B: Chad Nito
Now in RF: Joe Hartsoe
Batting: LHB German Rodriguez 0-0: Called Strike
0-1: Ball
1-1: Fly out, F8 (Flyball, 8LS, EV 70.6 MPH)
Batting: RHB Kenny Moyer 0-0: Foul Ball, location: 25F
0-1: Swinging Strike
0-2: Strikes out swinging
Batting: RHB Josh Alfaro 0-0: Ball
1-0: Reached on error, E6 (Groundball, 56, EV 84.4 MPH)
Batting: LHB Corey Daffron 0-0: Foul Ball, location: 2F
0-1: Ball
1-1: Ball
2-1: SINGLE (Line Drive, 7LM, EV 96.9 MPH)
Josh Alfaro to third
Runner from 3rd tries for Home, SAFE, throw by LF to home
Batting: LHB Jeremy Paula 0-0: Foul Ball, location: 2LF
0-1: Foul Ball, location: 9LMFF
0-2: Strikes out swinging
Top of the 9th over - 1 run, 1 hit, 1 error, 1 left on base; Washington (Rk+) 6 - Grand Junction 6
BOTTOM OF THE 9TH
Grand Junction Rockies batting - Pitching for Washington (Rk+) Nationals : RHP Mario Ramirez
Pitching: RHP Sean Riso
Batting: RHB Ryan Steele 0-0: Ball
1-0: Ball
2-0: Swinging Strike
2-1: Ball
3-1: SINGLE (Groundball, 4MD, EV 108.8 MPH)
Batting: RHB Jim Unknown 0-0: Called Strike
0-1: Ball
1-1: Swinging Strike
1-2: Ball
2-2: Strikes out swinging
Pinch Hitting: RHB Joe Wagner 0-0: Called Strike
0-1: Ball
1-1: SINGLE (Groundball, 34, EV 103.1 MPH) (infield hit)
Ryan Steele to second
Batting: RHB Jim Strickland 0-0: Reached on error, E5 (Groundball, 5, EV 87.5 MPH)
Ryan Steele to third
Joe Wagner to second
Batting: RHB Chad Nito 0-0: Ball
1-0: Ball
2-0: Called Strike
2-1: Foul Ball, location: 2F
2-2: Strikes out looking
Batting: RHB Mike Frazier 0-0: Ball
1-0: Ball
2-0: Ball
3-0: Base on Balls
Ryan Steele scores
Joe Wagner to third
Jim Strickland to second
Bottom of the 9th over - 1 run, 2 hits, 1 error, 3 left on base; Washington (Rk+) 6 - Grand Junction 7
Thursday, May 16th , 2024 - OOTP Baseball 24.11 Build 85